 Dungeon Crawl Stone Soup version 0.23-a0-375-g66a18ee0fb (webtiles) character file.

14768 LostNumber the Slicer (level 12, -8/77 HPs)
             Began as a Kobold Assassin on Oct 26, 2018.
             Was a Priest of Ru.
             Mangled by a five-headed hydra (13 damage)
             ... on level 1 of the Lair of Beasts.
             The game lasted 00:52:18 (15451 turns).

LostNumber the Slicer (Kobold Assassin)            Turns: 15451, Time: 00:52:20

Health: -8/77      AC:  9    Str: 13    XL:     12   Next: 49%
Magic:  12/12      EV: 11    Int: 12    God:    Ru [***...]
Gold:   318        SH:  7    Dex: 17    Spells: 11/11 levels left

rFire    + . .     SeeInvis .   A - +3 scimitar (flame)
rCold    + . .     Gourm    .   F - +0 buckler
rNeg     . . .     Faith    .   H - +0 chain mail "Gajiluc" {+Fly rF+ rC+ Slay+2}
rPois    +         Spirit   .   (no helmet)
rElec    .         Reflect  .   d - +0 cloak
rCorr    .         Harm     .   (no gloves)
MR       .....                  (no boots)
Stlth    ++........             q - amulet of magic regeneration
HPRegen  0.22/turn              h - +5 ring of slaying
MPRegen  0.38/turn              U - ring of poison resistance

@: no status effects
A: small, carnivore, inability to use devices, no fire magic, no necromancy
magic, no translocations magic
a: Draw Out Power, Renounce Religion


You were on level 1 of the Lair of Beasts.
You worshipped Ru.
Ru was most pleased with you.
You were very full.

You visited 3 branches of the dungeon, and saw 13 of its levels.
You also visited: Ossuary.

You collected 598 gold pieces.
You spent 280 gold pieces at shops.

Inventory:

Hand Weapons
 a - a +1 short sword of freezing
 b - a +0 blowgun
 s - a +0 falchion of electrocution
 A - a +3 scimitar of flaming (weapon)
 K - a +2 dagger
 N - a +0 rapier of draining
Missiles
 e - 2 curare-tipped needles
 z - 6 throwing nets (quivered)
 E - 52 poisoned needles
Armour
 c - a +0 robe
 d - a +0 cloak (worn)
 u - a +0 ring mail
 F - a +0 buckler (worn)
 H - the +0 chain mail "Gajiluc" (worn) {+Fly rF+ rC+ Slay+2}
   (You found it on level 7 of the Dungeon)

   It affects your accuracy and damage with ranged weapons and melee attacks
   (+2).
   It protects you from fire.
   It protects you from cold.
   It lets you fly.
 R - a +0 leather armour of magic resistance
Jewellery
 h - a +5 ring of slaying (left hand)
 q - an amulet of magic regeneration (around neck)
 t - an uncursed ring of positive energy
 J - an uncursed ring of stealth
 O - an uncursed ring of see invisible {unknown}
 U - a ring of poison resistance (right hand)
 W - an uncursed amulet of the gourmand {unknown}
Wands
 y - a wand of random effects (64)
 B - a wand of enslavement (17)
 D - a wand of digging (15)
 G - a wand of acid (9)
Scrolls
 j - 2 scrolls of teleportation
 k - 3 scrolls of enchant armour
 n - 2 scrolls of fog
 o - a scroll of blinking
 r - 6 scrolls of amnesia
 w - 3 scrolls of remove curse
 x - 3 scrolls of magic mapping
 C - 2 scrolls of immolation
 L - a scroll of enchant weapon
Potions
 f - 2 potions of resistance
 i - 2 potions of heal wounds
 l - a potion of ambrosia {unknown}
 m - 4 potions of curing
 p - a potion of cancellation
 v - a potion of agility
 I - a potion of brilliance {unknown}
 M - a potion of flight {unknown}
 P - 2 potions of magic {unknown}
 Q - 3 potions of invisibility {unknown}
 S - a potion of haste
Comestibles
 g - 33 rations


   Skills:
 + Level 9.9 Fighting
 - Level 12.0(12.4) Short Blades
 - Level 3.2(6.0) Long Blades
 - Level 10.0 Throwing
 + Level 1.8 Armour
 + Level 7.3 Dodging
 - Level 10.0 Stealth
 - Level 5.6 Shields


You had 11 spell levels left.
You didn't know any spells.
Your spell library contained the following spells:

 Spells                   Type           Power        Failure   Level  Hunger
 Magic Dart               Conj           #...         100%        1    ##.....
 Call Imp                 Summ           #.......     100%        2    ###....
 Slow                     Hex            #.......     100%        2    ###....
 Mephitic Cloud           Conj/Pois/Air  #.......     100%        3    ####...
 Irradiate                Conj/Tmut      #.........   100%        5    ######.
 Hydra Form               Tmut           #.........   100%        6    #######
 Statue Form              Tmut/Erth      #........    100%        6    #######
 Dragon Form              Tmut           #.........   100%        7    #######
 Blink                    Tloc           Unusable     N/A         2    N/A
 Conjure Flame            Conj/Fire      Unusable     N/A         3    N/A

Dungeon Overview and Level Annotations

Branches:
Dungeon (10/15)            Temple (1/1) D:4            Lair (2/6) D:8
  Swamp: Lair:2-4    Shoals: Lair:2-4     Snake: Lair:2-4    Spider: Lair:2-4
    Orc: D:9-12

Altars:
Elyvilon
Fedhas
Kikubaaqudgha
Makhleb
Okawaru
Qazlal
Ru
Trog
Uskayaw
Vehumet
Xom

Shops:
D:6 =   D:7 =

Annotations:
D:5 1 runed door, feta's ghost, novice GrEE
D:10 exclusion: obsidian statue
Lair:1 3 runed doors, skelma's ghost, journeyman DgFE


Innate Abilities, Weirdness & Mutations

You are small and have problems with some larger weapons.
You are carnivorous and can eat meat at any time.
You cannot study or use magical devices.
You cannot study or cast Fire magic.
You cannot study or cast Necromancy magic.
You cannot study or cast Translocations magic.


Message History

The yak snorts and paws the ground.
The five-headed hydra bites you!
The five-headed hydra bites you but does no damage.
The five-headed hydra bites you!
* * * LOW HITPOINT WARNING * * *
The five-headed hydra bites you but does no damage.
The five-headed hydra bites you!
* * * LOW HITPOINT WARNING * * *
You focus your will and blind the five-headed hydra in retribution!
You climb upwards.
Level annotation: 3 runed doors, skelma's ghost, journeyman DgFE
There is a stone staircase leading down here.
Unknown command.
As you read the scroll of fear, it crumbles to dust.
You assume a fearsome visage.
The yak looks frightened!
The five-headed hydra looks frightened!
The five-headed hydra bites you.
* * * LOW HITPOINT WARNING * * *
The five-headed hydra closely misses you.
The five-headed hydra bites you!
You die...

#....#......##.....#..#
###........#........#.#
####......#..........####
.###......#.............#
#.......##...#....##....#
#...#.......###.8.###...##
#......#....###..Y####...##
##....>#.รท.###.D...###....#
##.#P..#>.8###..@...##8.>##
##.##..#....##.....#.#...#
...##..##...###...###....#
P######.#...###.8..#....##
## #..#...##....#...##
##..#...)........## #
#...............## #
##.(#.###.......##
#####...#...##....###


You could see a five-headed hydra (fleeing) and a yak (fleeing).

Vanquished Creatures
  A hydra (Lair:1)
  Harold (D:7)
  Erica (D:9)
  A two-headed ogre (D:9)
  Psyche (D:10)
  3 spiny frogs (Lair:1)
  A hornet (D:7)
  2 hippogriffs
  A vampire (D:10)
  Grum (D:9)
  A wyvern (D:10)
  A basilisk (D:8)
  3 hogs (D:9)
  A human (D:9)
  9 yaks
  A hungry ghost (D:10)
  Menkaure (D:6)
  4 water moccasins
  2 orc warriors
  8 porcupines
  A black bear (D:8)
  3 ice beasts
  9 wolves
  6 sky beasts
  6 ogres
  4 centaurs
  8 crocodiles
  A big kobold (D:8)
  5 bullfrogs
  A gnoll sergeant (D:8)
  4 scorpions
  8 killer bees
  5 wights
  An electric eel (D:9)
  A bullfrog zombie (D:8)
  A centaur zombie (D:7)
  5 crimson imps
  4 hounds
  3 orc priests
  A centaur skeleton (D:9)
  4 jellies
  3 bullfrog skeletons
  4 iguanas
  Terence (D:2)
  9 orc wizards
  2 hell rats
  7 worker ants
  A killer bee zombie (D:8)
  5 big kobold zombies (Ossuary)
  A hound zombie (D:8)
  A hound skeleton (D:7)
  A mummy (Ossuary)
  A howler monkey zombie (D:8)
  9 gnolls
  A howler monkey skeleton (D:5)
  11 adders
  9 river rats
  2 shadow imps
  2 oozes
  An adder skeleton (D:4)
  2 adder zombies (D:6)
  4 worms
  3 dart slugs
  10 leopard geckos
  29 orcs
  2 spectral bats (Ossuary)
  10 bats
  6 giant cockroaches
  9 goblins
  5 hobgoblins (D:1)
  5 jackals
  A quokka (D:9)
  A ball python (D:4)
  2 bat simulacra (Ossuary)
  7 frilled lizards
  7 gnoll zombies (Ossuary)
  3 goblin simulacra (Ossuary)
  5 goblin zombies (Ossuary)
  4 hobgoblin zombies (Ossuary)
  11 kobolds
  4 kobold simulacra (Ossuary)
  2 kobold zombies (Ossuary)
  A leopard gecko skeleton (D:8)
  6 orc zombies (Ossuary)
  2 quokka zombies
  7 rats
  5 rat simulacra (Ossuary)
  A spectral goblin (Ossuary)
  5 spectral kobolds (Ossuary)
  4 spectral rats (Ossuary)
359 creatures vanquished.

Vanquished Creatures (others)
  A yak (Lair:1)
  Duvessa (D:6)
  An orc warrior (D:6)
  An ice beast (D:9)
  An ogre (D:6)
  A wolf (Lair:1)
  Dowan (D:6)
  An orc priest (D:6)
  2 orc wizards
  A leopard gecko (D:6)
  An orc (D:8)
  An orc zombie (Ossuary)
  2 fungi (D:8)
  6 plants
21 creatures vanquished.

Grand Total: 380 creatures vanquished

Notes
Turn   | Place    | Note
-------+----------+-------------------------------------------
     0 | D:1      | LostNumber the Kobold Assassin began the quest for the Orb.
     0 | D:1      | Reached XP level 1. HP: 12/12 MP: 1/1
    51 | D:1      | Reached skill level 3 in Short Blades
    54 | D:1      | Reached XP level 2. HP: 10/18 MP: 2/2
   296 | D:1      | Reached XP level 3. HP: 22/22 MP: 3/3
   652 | D:2      | Reached XP level 4. HP: 15/27 MP: 4/4
   927 | D:2      | Reached skill level 4 in Short Blades
  1184 | D:2      | Noticed Terence
  1196 | D:2      | Killed Terence
  1196 | D:2      | Reached XP level 5. HP: 30/32 MP: 5/5
  2011 | D:4      | Reached skill level 5 in Short Blades
  2011 | D:4      | Reached XP level 6. HP: 37/37 MP: 6/6
  2160 | D:4      | Found a staircase to the Ecumenical Temple.
  2305 | Temple   | Entered the Ecumenical Temple
  2422 | Temple   | Became a worshipper of Ru the Awakened
  2842 | D:4      | Found a blossoming altar of Fedhas.
  3181 | D:5      | Entered Level 5 of the Dungeon
  3203 | D:5      | Noticed an ogre
  3307 | D:5      | Noticed a sky beast
  3590 | D:5      | Found a sand-covered staircase.
  3594 | Ossuary  | Entered an ossuary
  3859 | Ossuary  | Gained mutation: You cannot study or cast Fire magic. [Ru
                  | sacrifice]
  3859 | Ossuary  | Gained mutation: You cannot study or cast Necromancy magic.
                  | [Ru sacrifice]
  3859 | Ossuary  | Gained mutation: You cannot study or cast Translocations
                  | magic. [Ru sacrifice]
  3859 | Ossuary  | Reached * piety under Ru
  3878 | Ossuary  | Reached skill level 6 in Short Blades
  3878 | Ossuary  | Reached XP level 7. HP: 42/42 MP: 7/7
  4339 | D:5      | HP: 3/64 [bullfrog skeleton (4)]
  4344 | D:5      | Reached skill level 1 in Shields
  4453 | D:5      | Reached skill level 7 in Short Blades
  4482 | D:5      | HP: 2/44 [poisoned by a scorpion]
  4490 | D:5      | HP: 2/44 [poisoned by a scorpion]
  4828 | D:5      | Reached XP level 8. HP: 39/48 MP: 8/8
  5021 | D:5      | Found a runed door.
  5023 | D:5      | Noticed feta's ghost (novice GrEE)
  5552 | D:5      | Found a burning altar of Makhleb.
  5711 | D:6      | Reached skill level 8 in Short Blades
  5807 | D:6      | Reached skill level 5 in Fighting
  5807 | D:6      | Reached skill level 5 in Throwing
  5901 | D:6      | Noticed a hippogriff
  5916 | D:6      | Noticed Menkaure
  6064 | D:6      | Found a white marble altar of Elyvilon.
  6071 | D:6      | Reached XP level 9. HP: 49/54 MP: 9/9
  6078 | D:6      | Found an ancient bone altar of Kikubaaqudgha.
  6174 | D:6      | Reached skill level 9 in Short Blades
  6199 | D:6      | Killed Dowan
  6222 | D:6      | Killed Duvessa
  6308 | D:7      | Found a white marble altar of Elyvilon.
  6353 | D:7      | Noticed a hornet
  6363 | D:7      | Killed a hornet
  6572 | D:7      | Got a shimmering chain mail
  6590 | D:7      | Gained mutation: You cannot study or use magical devices.
                  | [Ru sacrifice]
  6590 | D:7      | Reached ** piety under Ru
  6590 | D:7      | Reached *** piety under Ru
  6671 | D:7      | Noticed Harold
  6674 | D:7      | Killed Harold
  6674 | D:7      | Reached skill level 10 in Short Blades
  6674 | D:7      | Reached XP level 10. HP: 61/61 MP: 10/10
  6717 | D:7      | Found Nux Kea's Jewellery Shop.
  6884 | D:7      | Found an iron altar of Okawaru.
  7243 | D:6      | Killed Menkaure
  7332 | D:6      | Found a stormy altar of Qazlal.
  7340 | D:6      | Reached skill level 11 in Short Blades
  7344 | D:6      | Found Ufoul's Jewellery Emporium.
  7418 | D:6      | Found a shimmering altar of Xom.
  7941 | D:7      | Reached skill level 10 in Stealth
  8241 | D:8      | Found a staircase to the Lair.
  8510 | D:8      | Found a hide-covered altar of Uskayaw.
  9005 | D:8      | Reached skill level 12 in Short Blades
  9399 | D:8      | Reached skill level 1 in Long Blades
  9399 | D:8      | Reached XP level 11. HP: 53/67 MP: 11/11
 10002 | D:9      | Noticed a two-headed ogre
 10045 | D:9      | Killed a two-headed ogre
 10045 | D:9      | Reached skill level 5 in Shields
 10427 | D:9      | Noticed Grum
 10509 | D:9      | Killed Grum
 11048 | D:9      | Noticed Erica
 11065 | D:9      | Killed Erica
 11336 | D:9      | Identified the cursed +0 chain mail "Gajiluc" {+Fly rF+ rC+
                  | Slay+2} (You found it on level 7 of the Dungeon)
 11536 | D:10     | Entered Level 10 of the Dungeon
 12026 | D:10     | Reached skill level 5 in Dodging
 12071 | D:10     | Noticed Psyche
 12078 | D:10     | Killed Psyche
 12345 | D:10     | Noticed an obsidian statue
 12811 | Lair:1   | Entered Level 1 of the Lair of Beasts
 13208 | D:8      | Reached XP level 12. HP: 33/76 MP: 12/12
 13522 | D:7      | Bought an uncursed ring of poison resistance for 280 gold
                  | pieces
 14558 | Lair:1   | Found a runed gate.
 14558 | Lair:1   | Found a runed gate.
 14558 | Lair:1   | Found a runed gate.
 14558 | Lair:1   | Noticed skelma's ghost (journeyman DgFE)
 14572 | Lair:1   | Reached skill level 10 in Throwing
 14793 | Lair:1   | Reached skill level 1 in Armour
 15054 | Lair:1   | Noticed a four-headed hydra
 15066 | Lair:1   | Killed a one-headed hydra
 15442 | Lair:2   | Noticed a six-headed hydra
 15451 | Lair:1   | Mangled by a five-headed hydra

Vault maps used:
D:1:      ncdulo_smallfort, minmay_tetromino_t4
D:2:      first_ration, uniq_terence
D:3:      hangedman_decor_opposing
D:4:      minmay_temple_entry_water_ring, fedhas_altar_1
D:5:      nicolae_ossuary_entry_false_entrances, basic_altar,
          gammafunk_ghost_grave
D:6:      old_standard_altar, nicolae_overflow_hidden_temple, serial_shops,
          shop, palyth_stone_intersect, xom_confusion_cloud, uniq_duvessa,
          uniq_menkaure
D:7:      serial_shops, nicolae_shop_window_shopping, basic_altar,
          elyvilon_altar_3, uniq_harold
D:8:      marbit_many_paths, minmay_lair_entry_grove
D:9:      grunt_livestock, serial_bayou_lagoon_a, uniq_grum, uniq_erica
D:10:     minmay_statue_hallways, uniq_psyche
Temple:   dpeg_five_rooms_temple
Lair:1:   ebering_ghost_rock_garden, kennysheep_rathole, grunt_megastairs_5
Lair:2:   minmay_swamp_entry_reptiles, uniq_gastronok
Ossuary:  ossuary_zaba_two_paths

Skill      XL: |  1  2  3  4  5  6  7  8  9 10 11 12 |
---------------+-------------------------------------+-----
Short Blades   | 3 4 5 6 7 8 10 12 | 12.0
Fighting       | 3 4 5 6 7 9 |  9.9
Throwing       | 3 4 5 6 7 9 10 | 10.0
Stealth        | 6 7 8 9 10 | 10.0
Shields        | 1 2 3 4 5 |  5.6
Long Blades    | 1 3 |  3.2
Dodging        | 5 7 |  7.3
Armour         | 1 |  1.8

Action                   |  1- 3 |  4- 6 |  7- 9 | 10-12 || total
-------------------------+-------+-------+-------+-------++-------
Melee: Dagger            |    72 |   266 |   272 |    25 ||   635
       Short sword       |       |       |       |   633 ||   633
       Scimitar          |       |       |       |    28 ||    28
 Fire: Blowgun           |       |     5 |    40 |    33 ||    78
Invok: Sacrifice Arcana  |       |     1 |       |       ||     1
       Sacrifice Artific |       |       |     1 |       ||     1
       Draw Out Power    |       |       |       |     3 ||     3
       Reject Sacrifices |       |       |       |     1 ||     1
  Use: Scroll            |       |    12 |     4 |     7 ||    23
       Potion            |       |       |     5 |     4 ||     9
 Stab: Sleeping          |     7 |    25 |    11 |     8 ||    51
       Distracted        |     1 |       |     1 |     2 ||     4
       Invisible         |       |       |       |     3 ||     3
  Eat: Chunk             |     6 |    10 |    10 |    33 ||    59
       Ration            |       |       |       |     1 ||     1
Armor: Robe              |    13 |     1 |       |       ||    14
       Ring mail         |       |    51 |    46 |    31 ||   128
       Skin              |       |       |    15 |     2 ||    17
       Chain mail        |       |       |       |    57 ||    57
Dodge: Dodged            |    45 |   119 |    67 |   192 ||   423
Block: Buckler           |       |    13 |    37 |   140 ||   190
       Rpst.: Scimitar   |       |       |       |     5 ||     5

Table legend:
 A = Non-vault XP
 B = Vault XP
 C = Vault XP percentage of total XP
 D = Non-vault monster count
 E = Vault monster count
 F = Vault count percentage of total count
                 A         B        C        D         E       F
            +---------+---------+-------+---------+---------+-------
      Total |   13421 |    7677 |  36.4 |     255 |     108 |  29.8
            +---------+---------+-------+---------+---------+-------
        D:1 |      39 |       7 |  15.2 |      18 |       4 |  18.2
        D:2 |      72 |      36 |  33.3 |      23 |       1 |   4.2
        D:3 |      58 |       0 |   0.0 |      17 |       0 |   0.0
        D:4 |     305 |       0 |   0.0 |      16 |       0 |   0.0
        D:5 |     717 |     251 |  25.9 |      24 |       2 |   7.7
        D:6 |    1160 |     259 |  18.3 |      26 |       4 |  13.3
        D:7 |    1175 |    1407 |  54.5 |      19 |       4 |  17.4
        D:8 |    1998 |    1759 |  46.8 |      38 |      20 |  34.5
        D:9 |    2168 |    2273 |  51.2 |      28 |       9 |  24.3
       D:10 |    1529 |     424 |  21.7 |      20 |       1 |   4.8
     Temple |       9 |       0 |   0.0 |       3 |       0 |   0.0
     Lair:1 |    3842 |    1065 |  21.7 |      20 |       7 |  25.9
     Lair:2 |     349 |       0 |   0.0 |       3 |       0 |   0.0
    Ossuary |       0 |     196 | 100.0 |       0 |      56 | 100.0
            +---------+---------+-------+---------+---------+-------
